[Event "22nd Ruzomberok Open 2019"]
[Site "Ruzomberok"]
[Date "2019.07.04"]
[Round "6.20"]
[White "Koloditsova, Renata"]
[Black "Ucekajova, Veronika"]
[Result "1/2-1/2"]
[ECO "A46"]
[WhiteElo "1903"]
[BlackElo "1836"]
[Annotator "NA"]
[PlyCount "125"]
[EventDate "2019.06.29"]
[EventType "swiss"]
[EventCountry "SVK"]
[SourceTitle "playchess.com"]
[Source "ChessBase"]
[SourceQuality "1"]
[TimeControl "40/5400+30:1800+30"]

1. d4 Nf6 2. Nf3 e6 3. Bf4 b6 4. e3 Bb7 5. Nbd2 Be7 6. h3 c5 7. Bd3 O-O 8. c3 cxd4 9. exd4 d6 10. O-O Nbd7 11. Re1 a6 12. a4 Qc7 13. Bh2 Bc6 14. Qb3 Qb7 15. Qa3 Rfd8 16. Bf1 Nf8 17. Qb3 b5 18. axb5 axb5 19. Bd3 Ng6 20. Qc2 Bd5 21. Rxa8 Rxa8 22. Ne4 Nxe4 23. Bxe4 Bxe4 24. Rxe4 Nh4 25. Ne1 Ra1 26. f3 d5 27. Re2 b4 28. Bg3 Nf5 29. Bf2 g6 30. Rd2 Bg5 31. Rd1 Ne3 32. Bxe3 Bxe3+ 33. Kf1 Rxd1 34. Qxd1 bxc3 35. bxc3 Qb2 36. Qc2 Qxc2 37. Nxc2 Bd2 38. c4 dxc4 39. Ke2 c3 40. Kd3 Kg7 41. Ke4 Kf6 42. h4 g5 43. h5 g4 44. fxg4 Kg5 45. Kf3 Bf4 46. Ne1 Bc7 47. Nc2 Bb6 48. Kg3 h6 49. Kf3 f6 50. Kg3 Bc7+ 51. Kf3 f5 52. gxf5 exf5 53. Ke3 Kxh5 54. Kd3 Ba5 55. Ne3 f4 56. Nd5 Kg4 57. Nxc3 Bxc3 58. Kxc3 Kg3 59. d5 Kxg2 60. d6 f3 61. d7 f2 62. d8=Q f1=Q 63. Qd2+ 1/2-1/2

[Event "22nd Ruzomberok Open 2019"]
[Site "Ruzomberok"]
[Date "2019.07.04"]
[Round "6.21"]
[White "Mc Aleenan, Charles"]
[Black "Ambrozi, Peter"]
[Result "0-1"]
[ECO "D00"]
[WhiteElo "1746"]
[BlackElo "1888"]
[Annotator "NA"]
[PlyCount "106"]
[EventDate "2019.06.29"]
[EventType "swiss"]
[EventCountry "SVK"]
[SourceTitle "playchess.com"]
[Source "ChessBase"]
[SourceQuality "1"]
[TimeControl "40/5400+30:1800+30"]

1. d4 d5 2. Bg5 h6 3. Bh4 c6 4. Nf3 Qb6 5. Qc1 Bf5 6. e3 e6 7. Be2 Be7 8. Bg3 Nf6 9. Nbd2 Nbd7 10. h3 O-O 11. O-O Rac8 12. a4 a5 13. Ne5 Nxe5 14. Bxe5 Nd7 15. Bh2 Rfd8 16. Nf3 Bf6 17. Rd1 c5 18. c3 c4 19. Rd2 Qc6 20. Bd1 Be7 21. Ne5 Nxe5 22. Bxe5 Bd6 23. Bxd6 Rxd6 24. Bc2 Bxc2 25. Qxc2 Rb8 26. f4 b5 27. axb5 Rxb5 28. Re1 f5 29. Qa4 Qb7 30. Ree2 Rdb6 31. Qa2 Kf7 32. Kh2 Qa7 33. Qa4 Qe7 34. Qd1 Rb3 35. Qa1 Ra6 36. Qa4 Qe8 37. Qxe8+ Kxe8 38. Re1 Rab6 39. Ree2 a4 40. g4 g6 41. gxf5 exf5 42. Kg3 a3 43. bxa3 Rxa3 44. Ra2 Rxc3 45. Ra8+ Ke7 46. Ra7+ Ke6 47. Kf3 Rcb3 48. Rh7 Kf6 49. Ra2 Re6 50. Ra8 Rbxe3+ 51. Kf2 Re8 52. Ra6+ R3e6 53. Raa7 R8e7 0-1

[Event "22nd Ruzomberok Open 2019"]
[Site "Ruzomberok"]
[Date "2019.07.04"]
[Round "6.22"]
[White "Karcol, Jan"]
[Black "Bartanus, Stanislav"]
[Result "1-0"]
[ECO "D05"]
[WhiteElo "1882"]
[BlackElo "1781"]
[Annotator "NA"]
[PlyCount "27"]
[EventDate "2019.06.29"]
[EventType "swiss"]
[EventCountry "SVK"]
[SourceTitle "playchess.com"]
[Source "ChessBase"]
[SourceQuality "1"]
[TimeControl "40/5400+30:1800+30"]

1. d4 Nf6 2. Nf3 e6 3. e3 d5 4. Bd3 Be7 5. Nbd2 Nbd7 6. O-O O-O 7. e4 dxe4 8. Nxe4 Nxe4 9. Bxe4 Nf6 10. Bd3 c5 11. dxc5 Bxc5 12. Bg5 b6 13. Qe2 Be7 14. Bxf6 1-0

[Event "22nd Ruzomberok Open 2019"]
[Site "Ruzomberok"]
[Date "2019.07.04"]
[Round "6.23"]
[White "Tomanek, Rafael"]
[Black "Horbal, Jozef"]
[Result "1/2-1/2"]
[ECO "E92"]
[WhiteElo "1880"]
[BlackElo "1660"]
[Annotator "NA"]
[PlyCount "72"]
[EventDate "2019.06.29"]
[EventType "swiss"]
[EventCountry "SVK"]
[SourceTitle "playchess.com"]
[Source "ChessBase"]
[SourceQuality "1"]
[TimeControl "40/5400+30:1800+30"]

1. d4 Nf6 2. Nf3 g6 3. c4 d6 4. Nc3 Bg7 5. e4 O-O 6. Be2 e5 7. dxe5 dxe5 8. Qxd8 Rxd8 9. Bg5 Re8 10. Nd5 Nxd5 11. cxd5 c6 12. Bc4 cxd5 13. Bxd5 Na6 14. O-O Nc7 15. Bb3 Be6 16. Rfd1 Bxb3 17. axb3 a6 18. Rd7 Rac8 19. Be3 Red8 20. Rad1 Ne6 21. Kf1 Rxd7 22. Rxd7 Rc7 23. Rxc7 Nxc7 24. Ke2 Ne6 25. g3 Kf8 26. Kd3 Ke7 27. Kc4 Kd6 28. Ng5 Nxg5 29. Bxg5 Bf8 30. g4 Ke6 31. f3 b5+ 32. Kd3 Bc5 33. Bd2 Bd4 34. Kc2 Kd6 35. b4 Ke6 36. h3 Bb6 1/2-1/2

[Event "22nd Ruzomberok Open 2019"]
[Site "Ruzomberok"]
[Date "2019.07.04"]
[Round "6.24"]
[White "Mikulec, Martin"]
[Black "Taragel, Marian"]
[Result "1-0"]
[ECO "C44"]
[WhiteElo "1875"]
[BlackElo "1636"]
[Annotator "NA"]
[PlyCount "41"]
[EventDate "2019.06.29"]
[EventType "swiss"]
[EventCountry "SVK"]
[SourceTitle "playchess.com"]
[Source "ChessBase"]
[SourceQuality "1"]
[TimeControl "40/5400+30:1800+30"]

1. e4 e5 2. Nf3 Nc6 3. c3 d5 4. Qa4 f6 5. Bb5 Nge7 6. exd5 Qxd5 7. O-O e4 8. Nd4 Bd7 9. Nxc6 Nxc6 10. Re1 f5 11. d3 a6 12. Bc4 Qe5 13. Qc2 Na5 14. Nd2 Bc6 15. dxe4 fxe4 16. Bd3 Bd6 17. Nf3 Qf5 18. Bxe4 Bxe4 19. Rxe4+ Kf7 20. Re7+ Kf6 21. Rf7+ {Qh5} 1-0

[Event "22nd Ruzomberok Open 2019"]
[Site "Ruzomberok"]
[Date "2019.07.04"]
[Round "6.25"]
[White "Verba, Vladimir"]
[Black "Korenova, Simona"]
[Result "1/2-1/2"]
[ECO "B23"]
[WhiteElo "1708"]
[BlackElo "1764"]
[Annotator "NA"]
[PlyCount "66"]
[EventDate "2019.06.29"]
[EventType "swiss"]
[EventCountry "SVK"]
[SourceTitle "playchess.com"]
[Source "ChessBase"]
[SourceQuality "1"]
[TimeControl "40/5400+30:1800+30"]

1. e4 c5 2. Nc3 d6 3. f4 Nf6 4. Nf3 g6 5. Bb5+ Bd7 6. Bxd7+ Nbxd7 7. O-O Bg7 8. d3 O-O 9. Qe1 a6 10. Qh4 e6 11. g4 b5 12. f5 b4 13. Ne2 c4 14. Bg5 Qb6+ 15. Kh1 exf5 16. gxf5 Nh5 17. Rab1 cxd3 18. cxd3 Rac8 19. Rg1 Ne5 20. Rbf1 Rc2 21. Nc1 Rfc8 22. f6 Nxf6 23. Nxe5 dxe5 24. Bxf6 Rxc1 25. Rxc1 Rxc1 26. Rxc1 Bxf6 27. Qh6 Qe6 28. Rc4 Qg4 29. Qe3 Bg5 30. Qf2 Qd1+ 31. Kg2 Qg4+ 32. Kf1 Qd1+ 33. Kg2 Qg4+ 1/2-1/2

[Event "22nd Ruzomberok Open 2019"]
[Site "Ruzomberok"]
[Date "2019.07.04"]
[Round "6.26"]
[White "Pecho, Juraj"]
[Black "Cernekova, Martina"]
[Result "0-1"]
[ECO "D00"]
[WhiteElo "1900"]
[BlackElo "1659"]
[Annotator "NA"]
[PlyCount "134"]
[EventDate "2019.06.29"]
[EventType "swiss"]
[EventCountry "SVK"]
[SourceTitle "playchess.com"]
[Source "ChessBase"]
[SourceQuality "1"]
[TimeControl "40/5400+30:1800+30"]

1. d4 d5 2. Bf4 Nf6 3. e3 e6 4. Bd3 c5 5. c3 Nc6 6. Nd2 c4 7. Bc2 Bd6 8. Bg3 O-O 9. Ngf3 b5 10. Qe2 b4 11. e4 dxe4 12. Nxe4 Bxg3 13. hxg3 g6 14. Qxc4 Bb7 15. Nc5 Qb6 16. O-O a5 17. Nxb7 Qxb7 18. Rfe1 Rac8 19. Qb3 Rc7 20. a3 bxc3 21. Qxb7 Rxb7 22. bxc3 Rb2 23. Ba4 Ne7 24. Rec1 Ne4 25. c4 Nxf2 26. Ne5 Ne4 27. g4 Rd8 28. Nd7 Rd2 29. d5 exd5 30. cxd5 Nxd5 31. Rd1 Rxd1+ 32. Rxd1 Nec3 33. Nf6+ Kg7 34. Nxd5 Rxd5 35. Rxd5 Nxd5 36. Kf2 Kf6 37. Kf3 h6 38. Bc6 Ke5 39. Be8 Ke6 40. a4 g5 41. Bc6 Ke5 42. Be8 f6 43. Bg6 Kd4 44. Bf5 Nb6 45. Bc2 Kc3 46. Bd1 Nc4 47. Be2 Ne5+ 48. Ke3 Kb4 49. Bd1 Nc4+ 50. Ke4 Nb2 51. Bf3 Nxa4 52. Kf5 Nc3 53. Bc6 Nb5 54. Bd5 a4 55. Kxf6 a3 56. Kg6 Nd4 57. Ba2 Kc3 58. Kxh6 Kb2 59. Bf7 Nb3 60. Kxg5 a2 61. Kh6 a1=Q 62. g5 Qh1+ 63. Bh5 Qxg2 64. g6 Nd4 65. Kh7 Ne6 66. Kh6 Qg5+ 67. Kh7 Qxh5+ 0-1

[Event "22nd Ruzomberok Open 2019"]
[Site "Ruzomberok"]
[Date "2019.07.04"]
[Round "6.28"]
[White "Kukan, Michal"]
[Black "Mudron, Jan"]
[Result "1-0"]
[ECO "A05"]
[WhiteElo "1698"]
[BlackElo "1756"]
[Annotator "NA"]
[PlyCount "57"]
[EventDate "2019.06.29"]
[EventType "swiss"]
[EventCountry "SVK"]
[SourceTitle "playchess.com"]
[Source "ChessBase"]
[SourceQuality "1"]
[TimeControl "40/5400+30:1800+30"]

1. Nf3 Nf6 2. Nc3 d5 3. d4 Bf5 4. Nh4 Bg6 5. Nxg6 hxg6 6. Bg5 e6 7. e4 dxe4 8. Nxe4 Be7 9. Bd3 c6 10. Be3 Nd5 11. Qd2 Nxe3 12. fxe3 Nd7 13. O-O-O Nf6 14. Ng5 Qd5 15. h4 Nd7 16. c4 Qd6 17. Ne4 Qc7 18. Rdf1 Nf6 19. Ng5 Bd6 20. c5 Bg3 21. Rh3 Ke7 22. e4 Raf8 23. e5 Bxe5 24. dxe5 Qxe5 25. Qb4 Qc7 26. Rhf3 Nd5 27. Rxf7+ Rxf7 28. Rxf7+ Kd8 29. Nxe6+ 1-0

[Event "22nd Ruzomberok Open 2019"]
[Site "Ruzomberok"]
[Date "2019.07.04"]
[Round "6.29"]
[White "Galbavy, Dusan"]
[Black "Jakab, Stefan"]
[Result "0-1"]
[ECO "C31"]
[WhiteElo "1678"]
[BlackElo "1751"]
[Annotator "NA"]
[PlyCount "80"]
[EventDate "2019.06.29"]
[EventType "swiss"]
[EventCountry "SVK"]
[SourceTitle "playchess.com"]
[Source "ChessBase"]
[SourceQuality "1"]
[TimeControl "40/5400+30:1800+30"]

1. e4 e5 2. f4 d5 3. exd5 exf4 4. Nf3 Qxd5 5. Nc3 Qh5 6. d4 g5 7. h4 Bd6 8. Nxg5 Qxd1+ 9. Kxd1 h6 10. Nge4 Bg4+ 11. Be2 Bxe2+ 12. Nxe2 Nc6 13. Nxd6+ cxd6 14. Bxf4 Kd7 15. c3 Nf6 16. Ng3 Rhg8 17. Rf1 Nd5 18. Ne2 Rxg2 19. Bxh6 Re8 20. Nc1 f6 21. Bd2 Rh2 22. c4 Ne3+ 23. Bxe3 Rxe3 24. d5 Ne5 25. b3 Nf3 26. Rxf3 Rxf3 27. Ke1 Rc3 28. Kd1 Rg3 29. Ne2 Rgg2 30. Kd2 Rxe2+ 31. Kc3 Rxa2 32. Rf1 Ke7 33. Re1+ Rae2 34. Rg1 Kf7 35. Rg4 f5 36. Rg5 Kf6 37. Rg8 Rxh4 38. Rb8 Rh3+ 39. Kb4 Rb2 40. Ka4 Rbxb3 0-1

[Event "22nd Ruzomberok Open 2019"]
[Site "Ruzomberok"]
[Date "2019.07.04"]
[Round "6.30"]
[White "Majerova, Veronika"]
[Black "Zentko, Ladislav"]
[Result "1/2-1/2"]
[ECO "D02"]
[WhiteElo "1531"]
[BlackElo "1732"]
[Annotator "NA"]
[PlyCount "55"]
[EventDate "2019.06.29"]
[EventType "swiss"]
[EventCountry "SVK"]
[SourceTitle "playchess.com"]
[Source "ChessBase"]
[SourceQuality "1"]
[TimeControl "40/5400+30:1800+30"]

1. d4 Nf6 2. Nf3 d5 3. Bf4 e6 4. e3 b6 5. Bd3 Bb7 6. Nbd2 Nbd7 7. O-O Be7 8. c3 O-O 9. h3 c5 10. Re1 Ne4 11. Ne5 Nxe5 12. Bxe5 f6 13. Bh2 Bd6 14. Bxd6 Qxd6 15. f3 Nxd2 16. Qxd2 f5 17. e4 dxe4 18. fxe4 cxd4 19. exf5 dxc3 20. Qxc3 Qg3 21. Re2 Rac8 22. Qb3 Bd5 23. Qa3 Qg5 24. fxe6 Rc1+ 25. Rxc1 Qxc1+ 26. Kh2 Qf4+ 27. Kg1 Qc1+ 28. Kh2 1/2-1/2

[Event "22nd Ruzomberok Open 2019"]
[Site "Ruzomberok"]
[Date "2019.07.04"]
[Round "6.31"]
[White "Zilkay, Dominik"]
[Black "Konkol, Emil"]
[Result "1-0"]
[ECO "C44"]
[WhiteElo "1328"]
[BlackElo "1714"]
[Annotator "NA"]
[PlyCount "79"]
[EventDate "2019.06.29"]
[EventType "swiss"]
[EventCountry "SVK"]
[SourceTitle "playchess.com"]
[Source "ChessBase"]
[SourceQuality "1"]
[TimeControl "40/5400+30:1800+30"]

1. e4 e5 2. Nf3 Nc6 3. d4 exd4 4. Bc4 Bb4+ 5. c3 dxc3 6. bxc3 Be7 7. O-O d6 8. Qb3 Be6 9. Bxe6 fxe6 10. Qxe6 Qd7 11. Qb3 O-O-O 12. Na3 Nf6 13. Rb1 b6 14. Qc4 Kb7 15. Nc2 d5 16. exd5 Qxd5 17. Qa4 Qa5 18. Qc4 a6 19. a4 Qf5 20. Rb2 Bc5 21. Be3 Bxe3 22. Nxe3 Qd3 23. Qb3 Na5 24. Qb4 Nc6 25. Qb3 a5 26. Rfb1 Rhe8 27. Nc4 Nd5 28. Rc1 Re2 29. Rbb1 Qf5 30. Qb5 Nde7 31. Nxa5+ Nxa5 32. Qxe2 Nec6 33. c4 Qd3 34. Qxd3 Rxd3 35. c5 Nb3 36. Rc2 bxc5 37. Rxc5 Ncd4 38. Nxd4 Rxd4 39. Rxb3+ Ka6 40. g3 1-0

[Event "22nd Ruzomberok Open 2019"]
[Site "Ruzomberok"]
[Date "2019.07.04"]
[Round "6.32"]
[White "Laurencsik, Alexander"]
[Black "Kunzo, Slavomir"]
[Result "1-0"]
[ECO "A06"]
[WhiteElo "1742"]
[BlackElo "1593"]
[Annotator "NA"]
[PlyCount "113"]
[EventDate "2019.06.29"]
[EventType "swiss"]
[EventCountry "SVK"]
[SourceTitle "playchess.com"]
[Source "ChessBase"]
[SourceQuality "1"]
[TimeControl "40/5400+30:1800+30"]

1. Nf3 d5 2. g3 g6 3. d3 b6 4. Bg2 Bb7 5. Nbd2 Bg7 6. e4 e5 7. O-O Ne7 8. Re1 d4 9. Nc4 Nd7 10. a4 a5 11. Nh4 O-O 12. f4 f5 13. exf5 Bxg2 14. Kxg2 Nxf5 15. Nxf5 Rxf5 16. g4 Rf8 17. Qf3 exf4 18. Bxf4 Kh8 19. Qg3 Rc8 20. Re2 Qf6 21. Rf2 Qc6+ 22. Kg1 Rf7 23. b3 Re7 24. Raf1 Qc5 25. h4 Re6 26. Bc1 Qd5 27. Qg2 Qxg2+ 28. Kxg2 Rce8 29. Bf4 Be5 30. Nxe5 Nxe5 31. Bh6 Nd7 32. Rf7 Rd6 33. Bf4 Rd5 34. Bxc7 Ne5 35. Bxe5+ Rdxe5 36. Rf8+ Rxf8 37. Rxf8+ Kg7 38. Rc8 Re6 39. Rc4 Rd6 40. Kf3 Kf6 41. Ke4 h5 42. g5+ Ke6 43. Rxd4 Rxd4+ 44. Kxd4 Kf5 45. Ke3 Kg4 46. d4 Kxh4 47. d5 Kxg5 48. c3 Kf6 49. Ke4 Ke7 50. b4 axb4 51. cxb4 h4 52. a5 bxa5 53. bxa5 h3 54. Kf3 h2 55. Kg2 Kd8 56. a6 Kc8 57. d6 1-0

[Event "22nd Ruzomberok Open 2019"]
[Site "Ruzomberok"]
[Date "2019.07.04"]
[Round "6.34"]
[White "Polko, Pavol"]
[Black "Malinovsky, Jozef"]
[Result "1-0"]
[ECO "A00"]
[WhiteElo "1638"]
[BlackElo "1715"]
[Annotator "NA"]
[PlyCount "119"]
[EventDate "2019.06.29"]
[EventType "swiss"]
[EventCountry "SVK"]
[SourceTitle "playchess.com"]
[Source "ChessBase"]
[SourceQuality "1"]
[TimeControl "40/5400+30:1800+30"]

1. h4 Nf6 2. d4 d5 3. Bg5 Nbd7 4. Nf3 Ne4 5. e3 h6 6. Bf4 e6 7. Bd3 Ndf6 8. Bxe4 Nxe4 9. Ne5 Bd6 10. Qg4 Rg8 11. Bxh6 Qf6 12. Bf4 Bxe5 13. dxe5 Qf5 14. f3 Qxg4 15. fxg4 Bd7 16. Nd2 Nxd2 17. Kxd2 O-O-O 18. c3 Bb5 19. b3 c5 20. Kc2 Bc6 21. Rh2 c4 22. b4 b5 23. g5 g6 24. g4 Kd7 25. h5 Rh8 26. Rd1 Ke7 27. Rdd2 Ra8 28. hxg6 fxg6 29. Rh6 Kf7 30. a3 Kg7 31. Rdh2 a6 32. Rf2 Raf8 33. Rd2 Rf7 34. Rdh2 Rff8 35. Kb2 Ra8 36. Ka2 Raf8 37. Rd2 Rf7 38. Bg3 Rxh6 39. gxh6+ Kxh6 40. Rg2 g5 41. Rh2+ Kg7 42. Rh5 Kg6 43. Rh8 Rf3 44. Rc8 Bd7 45. Rd8 Rxg3 46. Rxd7 Rxg4 47. a4 Re4 48. Rd6 Rxe5 49. Rxa6 Rxe3 50. axb5 Kf5 51. b6 Rh3 52. b7 Rh8 53. Ra8 Rh2+ 54. Ka3 e5 55. b8=Q Rh1 56. Qf8+ Ke4 57. Ka4 g4 58. Qg8 Kd3 59. Qxd5+ Kxc3 60. Qxh1 1-0

[Event "22nd Ruzomberok Open 2019"]
[Site "Ruzomberok"]
[Date "2019.07.04"]
[Round "6.35"]
[White "Staffen, Robert"]
[Black "Petrasko, Jozef"]
[Result "0-1"]
[ECO "B12"]
[WhiteElo "1683"]
[BlackElo "1455"]
[Annotator "NA"]
[PlyCount "42"]
[EventDate "2019.06.29"]
[EventType "swiss"]
[EventCountry "SVK"]
[SourceTitle "playchess.com"]
[Source "ChessBase"]
[SourceQuality "1"]
[TimeControl "40/5400+30:1800+30"]

1. e4 c6 2. d4 g6 3. c4 d5 4. Nc3 Bg7 5. cxd5 cxd5 6. e5 Bf5 7. h3 Nc6 8. f4 Nb4 9. Qa4+ Nc6 10. Bb5 Qd7 11. g4 Be6 12. Nf3 Nh6 13. Ng5 O-O 14. Bxc6 bxc6 15. b3 f6 16. Nxe6 Qxe6 17. O-O fxe5 18. dxe5 Qd7 19. Ba3 Nxg4 20. hxg4 Qxg4+ 21. Kh2 Rf5 0-1

[Event "22nd Ruzomberok Open 2019"]
[Site "Ruzomberok"]
[Date "2019.07.04"]
[Round "6.37"]
[White "Cebo, Vladimir"]
[Black "Hajtmansky, Milan"]
[Result "1/2-1/2"]
[ECO "E20"]
[WhiteElo "1577"]
[BlackElo "1521"]
[Annotator "NA"]
[PlyCount "61"]
[EventDate "2019.06.29"]
[EventType "swiss"]
[EventCountry "SVK"]
[SourceTitle "playchess.com"]
[Source "ChessBase"]
[SourceQuality "1"]
[TimeControl "40/5400+30:1800+30"]

1. c4 e6 2. Nc3 Nf6 3. d4 Bb4 4. Bd2 O-O 5. Nf3 Re8 6. a3 Bxc3 7. Bxc3 b6 8. e3 Bb7 9. Be2 Nc6 10. O-O Ne7 11. Rc1 Rc8 12. b4 Ng6 13. Qb3 Ne4 14. Rcd1 Ng5 15. d5 e5 16. Qb2 Nxf3+ 17. Bxf3 Qg5 18. g3 Nh4 19. Bg2 Nxg2 20. Kxg2 e4 21. Bd4 h5 22. Qe2 c6 23. f4 Qf5 24. Ba1 cxd5 25. Qb2 f6 26. cxd5 Bxd5 27. Rh1 Be6 28. h3 Rc6 29. Rc1 Rec8 30. Rxc6 Rxc6 31. Qd2 1/2-1/2

[Event "22nd Ruzomberok Open 2019"]
[Site "Ruzomberok"]
[Date "2019.07.04"]
[Round "6.38"]
[White "Slyk, Piotr"]
[Black "Horbal, Michal"]
[Result "1-0"]
[ECO "C00"]
[WhiteElo "1082"]
[BlackElo "1121"]
[Annotator "NA"]
[PlyCount "73"]
[EventDate "2019.06.29"]
[EventType "swiss"]
[EventCountry "SVK"]
[SourceTitle "playchess.com"]
[Source "ChessBase"]
[SourceQuality "1"]
[TimeControl "40/5400+30:1800+30"]

1. e4 e6 2. d3 h6 3. g3 d5 4. Bg2 Nf6 5. exd5 Nxd5 6. Nf3 Nc6 7. c3 Bd7 8. O-O f5 9. c4 Nf6 10. a3 Qe7 11. Bd2 O-O-O 12. Bc3 g5 13. Nd4 Nxd4 14. Bxd4 Bc6 15. Bxf6 Qxf6 16. Bxc6 bxc6 17. Nc3 f4 18. Qf3 Bg7 19. Rad1 Qf5 20. Rd2 Bxc3 21. bxc3 h5 22. Qxc6 Rxd3 23. Rxd3 Qxd3 24. Qa8+ Kd7 25. Qxh8 Qxc4 26. Qxh5 fxg3 27. hxg3 Qxc3 28. Qxg5 c5 29. Rc1 Qxa3 30. Qxc5 Qxc5 31. Rxc5 Kd6 32. Ra5 e5 33. Rxa7 Ke6 34. Kg2 Kf5 35. f3 e4 36. fxe4+ Kxe4 37. Rf7 1-0

[Event "22nd Ruzomberok Open 2019"]
[Site "Ruzomberok"]
[Date "2019.07.05"]
[Round "7.1"]
[White "Jablonicky, Martin"]
[Black "Movsesian, Julia"]
[Result "0-1"]
[ECO "D02"]
[WhiteElo "2378"]
[BlackElo "2291"]
[Annotator "NA"]
[PlyCount "138"]
[EventDate "2019.06.29"]
[EventType "swiss"]
[EventCountry "SVK"]
[SourceTitle "playchess.com"]
[Source "ChessBase"]
[SourceQuality "1"]
[TimeControl "40/5400+30:1800+30"]

1. d4 d5 2. Nf3 Nf6 3. Bf4 e6 4. e3 c5 5. c3 Bd6 6. Bg3 O-O 7. Nbd2 Qc7 8. Ne5 Nbd7 9. f4 c4 10. a4 Rb8 11. b3 cxb3 12. Qxb3 a6 13. Bd3 b5 14. axb5 axb5 15. O-O b4 16. c4 dxc4 17. Nexc4 Bb7 18. Nxd6 Qxd6 19. f5 e5 20. Nc4 Qd5 21. Qb2 Ra8 22. Nxe5 Nxe5 23. Bxe5 Ra3 24. Bxf6 Rxd3 25. Be5 Rxe3 26. f6 Rc8 27. fxg7 Rec3 28. Rf2 b3 29. Rb1 Rc2 30. Qxb3 Rc1+ 31. Qd1 Rxd1+ 32. Rxd1 Qe4 33. h3 Rc2 34. Rdf1 Qe3 35. Bf4 Qxd4 36. Bg3 Ba6 37. Kh2 Rxf2 38. Rxf2 Kxg7 39. Rf4 Qd5 40. Rg4+ Kf6 41. Rf4+ Ke6 42. Rf2 Bb7 43. Re2+ Kf5 44. Rf2+ Kg6 45. Bf4 Qe4 46. Bg3 h5 47. h4 f5 48. Bf4 Kf6 49. Bg3 Ke6 50. Bf4 Ba6 51. Bg3 Be2 52. Rf4 Qe3 53. Rf2 Bg4 54. Rf4 Kd5 55. Ra4 Qc1 56. Rf4 Kc5 57. Bf2+ Kb5 58. Bg3 Qe3 59. Rf2 Kc4 60. Rf4+ Kd3 61. Ra4 Qc5 62. Rf4 Qd5 63. Ra4 Be2 64. Rf4 Ke3 65. Kg1 Qd1+ 66. Kh2 Qb1 67. Ra4 Bd3 68. Rf4 Be4 69. Rf2 Qa1 0-1

[Event "22nd Ruzomberok Open 2019"]
[Site "Ruzomberok"]
[Date "2019.07.05"]
[Round "7.2"]
[White "Jakab, Bela"]
[Black "Borsos, Bogdan"]
[Result "1/2-1/2"]
[ECO "C50"]
[WhiteElo "2278"]
[BlackElo "2216"]
[Annotator "NA"]
[PlyCount "54"]
[EventDate "2019.06.29"]
[EventType "swiss"]
[EventCountry "SVK"]
[SourceTitle "playchess.com"]
[Source "ChessBase"]
[SourceQuality "1"]
[TimeControl "40/5400+30:1800+30"]

1. e4 e5 2. Nf3 Nc6 3. Bc4 Nf6 4. d3 Bc5 5. O-O d6 6. c3 Bb6 7. Bb3 O-O 8. Nbd2 Ne7 9. Nc4 Ng6 10. Re1 c6 11. Nxb6 axb6 12. d4 b5 13. dxe5 dxe5 14. Qxd8 Rxd8 15. Be3 h6 16. Bb6 Re8 17. Rad1 Be6 18. Bxe6 Rxe6 19. a3 Nf8 20. Rd8 Rxd8 21. Bxd8 N6d7 22. Bc7 f6 23. Nd2 c5 24. c4 bxc4 25. Nxc4 Rc6 26. Ba5 b5 27. Ne3 Ne6 1/2-1/2

[Event "22nd Ruzomberok Open 2019"]
[Site "Ruzomberok"]
[Date "2019.07.05"]
[Round "7.3"]
[White "Hros, Roman"]
[Black "Vojtek, Vladimir"]
[Result "1/2-1/2"]
[ECO "B20"]
[WhiteElo "2195"]
[BlackElo "2313"]
[Annotator "NA"]
[PlyCount "117"]
[EventDate "2019.06.29"]
[EventType "swiss"]
[EventCountry "SVK"]
[SourceTitle "playchess.com"]
[Source "ChessBase"]
[SourceQuality "1"]
[TimeControl "40/5400+30:1800+30"]

1. e4 c5 2. Be2 Nc6 3. f4 d5 4. d3 dxe4 5. dxe4 Qxd1+ 6. Bxd1 b6 7. c3 Bb7 8. Bc2 g6 9. Nf3 Bg7 10. O-O Nf6 11. Nbd2 O-O 12. Re1 Rad8 13. e5 Nd5 14. f5 gxf5 15. Bxf5 Nf4 16. Nc4 Nd3 17. Bxd3 Rxd3 18. Bf4 Nd8 19. Rad1 Rxd1 20. Rxd1 Ne6 21. Bg3 Rd8 22. Rxd8+ Nxd8 23. Ne3 Bh6 24. Kf2 Kf8 25. a4 Ke8 26. b4 cxb4 27. cxb4 Be4 28. Nc4 Ne6 29. Ke2 Kd7 30. Na3 Nc7 31. e6+ Nxe6 32. Ne5+ Ke8 33. Nb5 a6 34. Nc3 Bxg2 35. Nc4 Bg7 36. Be5 Nd4+ 37. Kd3 Bxe5 38. Nxe5 Nc6 39. Nxc6 Bxc6 40. b5 Bb7 41. Kd4 a5 42. Nd1 e6 43. Ne3 Bd5 44. Nxd5 exd5 45. Kxd5 Kd7 46. Ke5 Ke7 47. Kd5 f6 48. Kc6 f5 49. Kxb6 f4 50. Ka7 f3 51. b6 f2 52. b7 f1=Q 53. b8=Q Qc4 54. Qe5+ Kd7 55. Qxa5 Qd4+ 56. Kb7 Qe4+ 57. Ka7 Qd4+ 58. Kb7 Qe4+ 59. Ka7 1/2-1/2

[Event "22nd Ruzomberok Open 2019"]
[Site "Ruzomberok"]
[Date "2019.07.05"]
[Round "7.4"]
[White "Zvarik, Martin"]
[Black "Zahradnik, Vladimir"]
[Result "1-0"]
[ECO "B07"]
[WhiteElo "2308"]
[BlackElo "1862"]
[Annotator "NA"]
[PlyCount "73"]
[EventDate "2019.06.29"]
[EventType "swiss"]
[EventCountry "SVK"]
[SourceTitle "playchess.com"]
[Source "ChessBase"]
[SourceQuality "1"]
[TimeControl "40/5400+30:1800+30"]

1. e4 d6 2. d4 Nf6 3. Nc3 c6 4. f4 g6 5. Nf3 Bg7 6. Bd3 O-O 7. O-O Bg4 8. Qe1 Nfd7 9. e5 d5 10. Nh4 e6 11. h3 Bf5 12. Nxf5 exf5 13. Be3 Re8 14. g4 fxg4 15. hxg4 Nf8 16. Rd1 Nbd7 17. Rd2 f6 18. Nd1 c5 19. c3 c4 20. Bc2 b5 21. Rh2 a5 22. Qf2 Nb6 23. f5 g5 24. Bxg5 fxg5 25. f6 Bxf6 26. exf6 Kh8 27. Qf5 Qd7 28. Qxg5 Qf7 29. Ne3 Re6 30. Rf3 Ra7 31. Rhf2 Rc6 32. Qg7+ Qxg7 33. fxg7+ Kxg7 34. Rxf8 Re6 35. Ng2 b4 36. R8f5 Rg6 37. Rh5 1-0

[Event "22nd Ruzomberok Open 2019"]
[Site "Ruzomberok"]
[Date "2019.07.05"]
[Round "7.5"]
[White "Bombek, Peter"]
[Black "Bednar, Jan"]
[Result "1-0"]
[ECO "D02"]
[WhiteElo "2159"]
[BlackElo "2084"]
[Annotator "NA"]
[PlyCount "69"]
[EventDate "2019.06.29"]
[EventType "swiss"]
[EventCountry "SVK"]
[SourceTitle "playchess.com"]
[Source "ChessBase"]
[SourceQuality "1"]
[TimeControl "40/5400+30:1800+30"]

1. d4 d5 2. Nf3 Nf6 3. Bf4 c5 4. e3 Nc6 5. c3 cxd4 6. exd4 g6 7. Nbd2 Bg7 8. Bd3 O-O 9. O-O a6 10. a4 Bd7 11. h3 Rc8 12. Re1 Re8 13. Ne5 Qb6 14. Qb3 Qxb3 15. Nxb3 Nd8 16. Nc5 Bf5 17. Ra3 Bxd3 18. Nexd3 Ra8 19. Rb3 Ra7 20. Bb8 Ra8 21. Bc7 Ne4 22. Bxd8 Raxd8 23. Rxb7 e5 24. dxe5 Bxe5 25. Nxa6 Ra8 26. Nxe5 Rxa6 27. Nxf7 Rxa4 28. Nh6+ Kh8 29. f3 Nd6 30. Rxe8+ Nxe8 31. g4 d4 32. Re7 Nd6 33. Rd7 dxc3 34. Rd8+ Kg7 35. g5 1-0